 Dungeon Crawl Stone Soup version 0.29.1-14-g9c671dbff4 (webtiles) character file.

Game seed: 2753658237077001659

7794 melkoren the Cleaver (level 11, -3/101 HPs)
             Began as a Black Draconian Berserker on Feb 17, 2023.
             Was an Elder of Trog.
             Slain by an orc warrior
             ... wielding a +0 flail
              (5 damage)
             ... while petrified by Jorgrun
             ... on level 9 of the Dungeon.
             The game lasted 00:41:38 (18707 turns).

melkoren the Cleaver (Black Draconian Berserker)   Turns: 18707, Time: 00:41:39

Health: -3/101     AC:  7    Str: 21    XL:     11   Next: 1%
Magic:  11/11      EV:  2    Int:  7    God:    Trog [****..]
Gold:   650        SH:  0    Dex: 14    Spells: 10/10 levels left

rFire   . . .      SeeInvis .   p - +0 broad axe
rCold   + . .      Faith    .   (no shield)
rNeg    + + +      Spirit   .   (body armour unavailable)
rPois   ∞          Reflect  +   (helmet restricted)
rElec   +          Harm     .   (no cloak)
rCorr   .          Rampage  .   (no gloves)
Will    .....                   (no boots)
Stlth   +.........              m - amulet of reflection
HPRegen 0.26/turn               k - ring of protection from cold
MPRegen 0.12/turn               r - ring of poison resistance

@: petrified
A: breathe lightning, AC +7, unfitting armour, electricity resistance,
cold-blooded
a: Breathe Lightning, Renounce Religion, Berserk, Trog's Hand, Brothers in Arms


You were on level 9 of the Dungeon.
You worshipped Trog.
Trog was greatly pleased with you.
You visited 3 branches of the dungeon, and saw 12 of its levels.

You collected 650 gold pieces.

Inventory:

Hand Weapons
 a - a +0 hand axe
 c - a +1 great sword of electrocution
 p - a +0 broad axe (weapon)
 y - a +0 war axe
Jewellery
 g - a ring of see invisible
 h - an amulet of the acrobat
 k - a ring of protection from cold (left hand)
 m - an amulet of reflection (around neck)
 o - a ring of willpower
 q - an amulet of guardian spirit
 r - a ring of poison resistance (right hand)
 t - the ring "Viryadgh" {Str+3 Dex-5 SInv Stlth+}
   (You found it on level 8 of the Dungeon)

   [ring of see invisible]

   Str:       It affects your strength (+3).
   Dex:       It affects your dexterity (-5).
   SInv:      It lets you see invisible.
   Stlth:     It makes you more stealthy.
Wands
 l - a wand of polymorph (8)
 n - a wand of charming (16)
Scrolls
 d - a scroll of fear
 e - 10 scrolls of identify
 f - 2 scrolls of teleportation
 s - a scroll of summoning
 u - a scroll of blinking
 A - a scroll of magic mapping
 B - a scroll of immolation {unknown}
Potions
 b - 8 potions of curing
 i - 3 potions of cancellation
 j - a potion of mutation
 v - a potion of magic
 w - 2 potions of haste
 x - 2 potions of lignification {unknown}
 z - a potion of heal wounds


   Skills:
 + Level 10.4 Fighting
 * Level 11.8 Axes
 + Level 8.7 Dodging


You had 10 spell levels left.
You didn't know any spells.
Your spell library was empty.

Dungeon Overview and Level Annotations

Branches:
Dungeon (10/15)            Temple (1/1) D:7             Orc (1/2) D:9
   Lair: D:8-11

Altars:
Ashenzari
Cheibriados
Dithmenos
Elyvilon
Fedhas
Gozag
Hepliaklqana
Kikubaaqudgha
Makhleb
Nemelex Xobeh
Okawaru
Qazlal
Ru
Sif Muna
Trog
Uskayaw
Vehumet
Wu Jian
Xom
Yredelemnul
Zin
The Shining One

Annotations:
D:3 2 transporters, xian's ghost, amateur DsAK
D:6 3 runed translucent doors, KittyFluff's ghost, novice GrBe
D:7 1 runed translucent door
D:10 Amaemon
Orc:1 Erolcha; Jorgrun


Innate Abilities, Weirdness & Mutations

You can breathe wild blasts of lightning.
Your glossy black scales are hard. (AC +7)
You cannot fit into any form of body armour.
You are resistant to electric shocks. (rElec)
You are cold-blooded and may be slowed by cold attacks.


Message History

You climb downwards.
Welcome back to the Orcish Mines!
Level annotation: Erolcha; Jorgrun The orc warrior hits you with a +0 flail!
The orc warrior barely misses you.
The orc warrior hits you with a +0 flail.
The orc sorcerer gestures wildly while chanting.
Jorgrun gestures at you while chanting.
Roots burst forth from the earth!
The grasping roots grab you! The grasping roots constrict you!
The orc wizard gestures at you while chanting.
You are confused.
The orc warrior hits you from afar with a +0 halberd!
The orc hits you from afar with a +0 trident.
There is a staircase back to the Dungeon, spattered with blood here.
The roots grasp on you weakens, but your attempt to escape fails.
The orc warrior hits you with a +0 flail!
The orc closely misses you.
Jorgrun casts a spell at the rock wall.
You hear a grinding noise.
The grasping roots constrict you!
The orc warrior hits you from afar with a +0 halberd!
* * * LOW HITPOINT WARNING * * *
You escape the roots grasp.
The orc warrior closely misses you.
The orc warrior hits you from afar with a +0 halberd!
* * * LOW HITPOINT WARNING * * *
Jorgrun casts a spell at you.
You are slowing down.
You climb upwards.
Welcome back to the Dungeon!
You have turned to stone.
The orc warrior hits you with a +0 flail.
* * * LOW HITPOINT WARNING * * *
You feel less confused.
The orc warrior hits you with a +0 flail!
* * * LOW HITPOINT WARNING * * *
The orc warrior hits you with a +0 flail.
* * * LOW HITPOINT WARNING * * *
The orc warrior hits you with a +0 flail.
* * * LOW HITPOINT WARNING * * *
The orc warrior hits you with a +0 flail!
You die...

.......##..##.....#
####.....#.
.......##..########
#####.#.
.......'...#.....#
####.##
.......##..8.....#
#....#P
##'######..'.....#
#.##### #..#
##.8..⌠..# #.# #.##
#.#.....# ##'###
#.# #.#...o)#
#....# #.#
#.#8._[@# #....###
#[# #.#.....#
#....'.. #.#
#(#.....# #....##.
#.# ##.8).⌠..#
#....### #.#
#.['.....# ###'##
#.# #.(8.....# #.#
#.# #..#.....# #.#
#.# #..####### ##.#
#.# #..###+####
#..#


You could see an orc warrior.

Vanquished Creatures
  2 two-headed ogres
  Joseph (D:9)
  Grinder (D:5)
  A hornet (D:9)
  Sigmund (D:2)
  5 wyverns
  6 yaks (D:9)
  A shadow (D:10)
  3 steam dragons
  Grum (D:8)
  2 acid dragons (D:9)
  3 water moccasins
  3 orc warriors (D:9)
  A sky beast (D:8)
  2 ogres (D:5)
  2 black bears
  2 wolves (D:8)
  A kobold brigand (D:7)
  2 bullfrogs
  A necrophage (D:3)
  2 scorpions
  3 wights (D:7)
  4 killer bees (D:9)
  A howler monkey (D:7)
  8 orc priests
  A gnoll bouda (D:6)
  3 hounds
  A jelly (D:6)
  Natasha (thrice) (D:3)
  7 iguanas
  9 orc wizards
  Ijyb (D:4)
  Robin (D:2)
  2 river rats (D:3)
  11 adders
  12 gnolls
  3 shadow imps
  A white imp (D:7)
  An ufetubus (D:5)
  A worm (D:3)
  2 dart slugs
  40 orcs
  9 ball pythons
  10 endoplasms
  5 giant cockroaches
  14 goblins
  14 hobgoblins
  2 quokkas (D:2)
  5 bats
  5 frilled lizards
  16 kobolds
  10 rats
248 creatures vanquished.

Vanquished Creatures (others)
  2 bushes (D:9)
  5 plants
7 creatures vanquished.

Grand Total: 255 creatures vanquished

Notes
Turn   | Place    | Note
-------+----------+-------------------------------------------
     0 | D:1      | melkoren the Draconian Berserker began the quest for the
                  | Orb.
     0 | D:1      | Reached XP level 1. HP: 19/19 MP: 1/1
   396 | D:1      | Found a faded altar of an unknown god.
   561 | D:1      | Reached XP level 2. HP: 26/26 MP: 2/2
  1305 | D:2      | Noticed Sigmund
  1318 | D:2      | Killed Sigmund
  1319 | D:2      | Reached skill level 4 in Axes
  1319 | D:2      | Reached XP level 3. HP: 22/34 MP: 3/3
  1319 | D:2      | Reached XP level 4. HP: 27/41 MP: 4/4
  1319 | D:2      | Reached XP level 5. HP: 31/47 MP: 5/5
  1735 | D:2      | Noticed Robin
  1740 | D:2      | Reached ** piety under Trog
  1766 | D:2      | Killed Robin
  2114 | D:2      | Reached skill level 5 in Fighting
  2590 | D:3      | Found a shadowy altar of Dithmenos.
  2599 | D:3      | Identified the +0 robe "Viyph" {+Blink Will+++ rCorr Str-4}
  2703 | D:3      | Reached XP level 6. HP: 44/56 MP: 6/6
  2891 | D:3      | Found a shimmering blue altar of Sif Muna.
  3645 | D:3      | Noticed Natasha
  3651 | D:3      | Noticed xian's ghost (amateur DsAK)
  3679 | D:3      | Killed Natasha
  3725 | D:3      | Reached *** piety under Trog
  3824 | D:3      | Reached skill level 5 in Axes
  3969 | D:3      | Noticed Natasha
  3974 | D:3      | Killed Natasha
  4051 | D:3      | Found a transporter.
  4056 | D:3      | Noticed Natasha
  4060 | D:3      | Killed Natasha
  4088 | D:3      | Found a transporter.
  4247 | D:4      | Your scales start taking on a glossy black colour.
  4247 | D:4      | Reached XP level 7. HP: 53/62 MP: 7/7
  4247 | D:4      | Gained mutation: You are resistant to electric shocks.
                  | (rElec) [Black Draconian growth]
  4911 | D:4      | Noticed Ijyb
  4921 | D:4      | Killed Ijyb
  6021 | D:5      | Entered Level 5 of the Dungeon
  6042 | D:4      | Reached skill level 5 in Dodging
  7631 | D:5      | Reached skill level 6 in Axes
  7993 | D:5      | Reached XP level 8. HP: 43/71 MP: 8/8
  8184 | D:5      | Noticed Grinder
  8187 | D:5      | Paralysed by Grinder for 4 turns
  8195 | D:5      | Paralysed by Grinder for 2 turns
  8202 | D:5      | Killed Grinder
  9036 | D:6      | Noticed KittyFluff's ghost (novice GrBe)
  9102 | D:6      | Reached skill level 7 in Axes
  9258 | D:6      | HP: 3/109 [steam dragon] (3)]
  9259 | D:6      | HP: 1/109 [something (2)]
  9906 | D:6      | Found a runed translucent gate.
  9906 | D:6      | Found a runed translucent gate.
  9906 | D:6      | Found a runed translucent gate.
 10570 | D:7      | Noticed a two-headed ogre
 11168 | D:6      | Reached skill level 8 in Axes
 11218 | D:7      | Reached XP level 9. HP: 78/81 MP: 9/9
 11256 | D:7      | Found a staircase to the Ecumenical Temple.
 11545 | Temple   | Entered the Ecumenical Temple
 11907 | D:7      | Reached **** piety under Trog
 11980 | D:7      | Found a runed translucent door.
 11980 | D:7      | Noticed a sixfirhy
 12025 | D:7      | Killed a two-headed ogre
 12026 | D:7      | Reached skill level 9 in Axes
 12873 | D:8      | Identified the ring "Viryadgh" {Str+3 Dex-5 SInv Stlth+}
 12912 | D:8      | Noticed a two-headed ogre
 12925 | D:8      | Killed a two-headed ogre
 12926 | D:8      | Reached skill level 10 in Axes
 12926 | D:8      | Reached XP level 10. HP: 32/91 MP: 10/10
 13579 | D:8      | Noticed Grum
 13598 | D:8      | Killed Grum
 16511 | D:9      | Reached skill level 11 in Axes
 16538 | D:9      | Reached skill level 10 in Fighting
 16918 | D:9      | Found a staircase to the Orcish Mines.
 17272 | D:9      | Noticed Joseph
 17287 | D:9      | Killed Joseph
 17540 | D:9      | Found a broken altar of Ashenzari.
 17540 | D:9      | Found a glowing silver altar of Zin.
 18419 | D:9      | Found a radiant altar of Vehumet.
 18474 | D:10     | Entered Level 10 of the Dungeon
 18502 | D:10     | Reached XP level 11. HP: 101/101 MP: 11/11
 18540 | D:10     | Found a stormy altar of Qazlal.
 18544 | D:10     | Noticed Amaemon
 18619 | Orc:1    | Entered Level 1 of the Orcish Mines
 18619 | Orc:1    | Noticed Jorgrun
 18624 | Orc:1    | Noticed an orc sorcerer
 18629 | Orc:1    | Noticed a soul eater
 18629 | Orc:1    | Noticed Erolcha
 18705 | D:9      | HP: 4/101 [orc warrior/+0 flail (2)]
 18706 | D:9      | HP: 1/101 [orc warrior/+0 flail (3)]
 18707 | D:9      | Slain by an orc warrior

Illustrated notes

Levels and vault maps discovered:
D:1:      wander_arrival_fairy_ring, layout_loops_corners,
          hellmonk_ecumenical_altar_inner_sanctum
D:2:      wad_crossroads, layout_loops_ring, uniq_sigmund, uniq_robin
D:3:      layout_rooms, old_standard_altar, nicolae_overflow_crystal_walls,
          portal_sewer_entry_b, gammafunk_ghost_arena,
          chequers_serial_rivers_micro_b, minmay_divided_ellipse, uniq_natasha
D:4:      layout_cave_pods, uniq_ijyb
D:5:      layout_cave_pods, uniq_grinder
D:6:      layout_cave_pods, gammafunk_ghost_icy, wad_floor_pattern_2,
          amethyst_killhole
D:7:      cheibrodos_shockbox, layout_basic, minmay_temple_entry_glassed_door,
          kennysheep_generic_room_9
D:8:      layout_rooms, uniq_grum
D:9:      layout_roguey, gammafunk_temple_overflow_forgotten, david_orc_5,
          uniq_joseph
D:10:     layout_basic, mainiacjoe_overflow_small_starburst, lair_entry_dummy,
          chequers_arboretum, uniq_amaemon
Temple:   eino_temple_rhombus
Orc:1:    layout_caves, basic_altar, nicolae_orc_crystal_geode, uniq_josephine,
          uniq_erolcha, uniq_jorgrun, uniq_urug

Skill      XL: |  1  2  3  4  5  6  7  8  9 10 |
---------------+-------------------------------+-----
Dodging        | 3 4 5 6 7 8 |  8.7
Fighting       | 4 5 6 7 9 10 | 10.4
Axes           | 4 5 6 8 10 11 | 11.8

Action                   |  1- 3 |  4- 6 |  7- 9 | 10-12 || total
-------------------------+-------+-------+-------+-------++-------
Melee: Hand axe          |    69 |    84 |       |       ||   153
       Tailslap          |     7 |    20 |    28 |    38 ||    93
       Broad axe         |       |   165 |   259 |   266 ||   690
       Punch             |       |       |     3 |     2 ||     5
Invok: Berserk           |     1 |     3 |     7 |     7 ||    18
 Abil: Breathe Lightning |       |       |     2 |       ||     2
  Use: Scroll            |       |    10 |     8 |       ||    18
       Potion            |       |     1 |     6 |     1 ||     8
 Stab: Sleeping          |     2 |     2 |     2 |       ||     6
       Distracted        |       |     1 |       |       ||     1
Armor: Skin              |    30 |    79 |    64 |    48 ||   221
Dodge: Dodged            |    43 |   237 |   261 |   141 ||   682
Block: Other             |       |       |    14 |    60 ||    74
       Reflection        |       |       |       |     1 ||     1
